Map: Pendiente de Agustín EE

Players

WasabiByte

  • Race: Zerg Zerg
  • League: Platinum
  • Spawn Location: 12:00

Noxx

  • Race: Protoss Protoss
  • Spawn Location: 12:00

saverykill

  • Race: Terran Terran
  • Spawn Location: 11:00

MrFercho - Winner!

  • Race: Zerg Zerg
  • League: Gold
  • Spawn Location: 6:00

tigro - Winner!

  • Race: Terran Terran
  • League: Bronze
  • Spawn Location: 6:00

TATORREA - Winner!

  • Race: Protoss Protoss
  • League: Gold
  • Spawn Location: 5:00

VOD

Have the link to the VOD?

Description

Time

  • Played on: Aug. 20, 2020, 9:38 p.m.
  • Length: 21:22
Show
View Real Time Build Order
Export as new Build Order

WasabiByte Zerg 

Build Orders: Hatch First, Lurkers 

Get SALT Encoding   

  12  0:01  Drone  
  13  0:09  Drone  
  14  0:29  Overlord  
  14  0:33  Extractor  
  14  0:35  Extractor, Drone x2  
  16  0:49  Drone  
  17  1:01  Hatchery  
  18  1:04  Drone x2  
  18  1:18  Extractor  
  18  1:20  Spawning Pool  
  18  1:21  Drone  
  18  1:24  Drone  
  18  1:34  Drone  
  19  1:45  Overlord  
  19  1:56  Drone  
  20  2:09  Queen  
  20  2:11  Zergling x2  
  20  2:13  Zergling x2  
  20  2:14  Queen  
  26  2:19  Drone  
  26  2:21  Metabolic Boost  
  27  2:30  Drone x2  
  27  2:35  Drone  
  30  2:39  Drone  
  31  2:44  Queen  
  31  2:49  Overlord  
  31  2:50  Queen  
  35  3:02  Overlord  
  35  3:03  Zergling x2  
  36  3:09  Overlord  
  36  3:11  Drone x2  
  38  3:29  Overlord  
  38  3:30  Zergling x6  
  38  3:31  Drone  
  38  3:32  Drone x2  
  44  3:42  Hatchery  
  43  3:53  Lair  
  43  3:57  Drone x3  
  43  3:58  Drone  
  47  4:17  Overlord x2  
  47  4:26  Roach Warren  
  47  4:30  Drone x4  
  50  4:36  Extractor  
  50  4:37  Drone x2  
  50  4:38  Extractor  
  50  4:39  Drone x4  
  54  4:47  Extractor  
  53  5:00  Drone x5  
  53  5:01  Drone  
  58  5:09  Zergling x2  
  58  5:10  Zergling x4  
  58  5:12  Zergling x6  
  64  5:21  Zergling x4  
  64  5:22  Zergling x4  
  66  5:44  Zergling x8  
  66  5:45  Roach x3  
  57  5:59  Roach x4  
  57  6:00  Roach  
  63  6:23  Drone x4  
  64  6:34  Drone x2  
  66  6:51  Drone x3  
  66  6:52  Drone x3  
  72  6:57  Hatchery  
  71  7:01  Overlord x2  
  71  7:05  Overlord  
  71  7:10  Hatchery  
  70  7:17  Overlord, Glial Reconstitution  
  70  7:19  Queen  
  72  7:25  Evolution Chamber  
  72  7:26  Evolution Chamber  
  70  7:31  Drone  
  70  7:32  Drone x4  
  75  7:41  Drone x2  
  75  7:42  Drone x2  
  79  7:46  Spine Crawler  
  78  7:52  Spine Crawler  
  78  7:54  Drone  
  78  7:55  Drone  
  78  7:57  Zerg Missile Weapons Level 1  
  79  8:00  Zerg Ground Armor Level 1  
  79  8:02  Roach x2  
  83  8:14  Drone x2  
  83  8:15  Drone x2  
  83  8:16  Roach x2  
  91  8:22  Roach x4  
  91  8:23  Queen  
  91  8:24  Overlord  
  101  8:31  Queen  
  101  8:32  Hydralisk Den  
  102  8:51  Extractor  
  102  8:52  Extractor  
  102  8:53  Roach x6  
  102  8:54  Overlord  
  102  8:55  Overlord  
  112  8:56  Overlord  
  112  8:57  Overlord x3  
  112  9:09  Overlord x4  
  112  9:10  Overlord  
  112  9:17  Hydralisk x6  
  112  9:18  Hydralisk x3  
  112  9:20  Lurker Den  
  129  9:25  Drone  
  130  9:37  Drone x2  
  130  9:38  Drone  
  133  9:39  Drone  
  133  9:44  Drone x3  
  133  9:45  Hydralisk x3  
  137  9:46  Hydralisk x3  
  149  10:13  Hydralisk x6  
  151  10:23  Pneumatized Carapace  
  151  10:24  Hydralisk x3  
  151  10:25  Hydralisk x7  
  103  10:48  Roach x4  
  103  10:49  Roach  
  103  10:58  Hydralisk x4  
  105  11:04  Overseer  
  105  11:06  Overseer  
  105  11:21  Hydralisk x3  
  87  11:34  Hydralisk x6  
  89  12:08  Hatchery  
  88  12:15  Zergling x16  
  96  12:23  Hatchery  
  96  12:28  Queen  
  96  12:29  Queen  
  79  12:50  Hydralisk x6  
  91  13:30  Extractor  
  91  13:31  Extractor, Lurker x5  
  94  13:46  Hydralisk x4  
  94  13:47  Hydralisk x5  
  112  13:56  Drone x5  
  116  14:08  Drone x3  
  114  14:34  Queen  
  114  14:38  Queen x2  
  118  14:42  Muscular Augments  
  120  14:47  Lurker  
  120  14:48  Lurker x3  
  124  14:53  Drone x2  
  124  14:55  Drone  
  124  14:56  Hydralisk x5  
  124  14:57  Extractor x2  
  135  15:19  Hydralisk x4  
  135  15:45  Zerg Missile Weapons Level 2  
  135  15:54  Grooved Spines  
  135  16:15  Zergling x10  
  140  16:32  Hydralisk  
  140  16:33  Hydralisk x5  
  140  16:34  Hydralisk x2  
  140  16:35  Zergling x6  
  140  16:53  Hydralisk x3  
  140  16:54  Hydralisk x2  
  120  17:05  Drone x2  
  110  17:10  Hydralisk x4  
  106  17:27  Drone x5  
  106  17:28  Drone x2  
  111  17:33  Hydralisk x3  
  117  17:55  Hydralisk x2  
  121  18:39  Hatchery, Hydralisk x5  
  76  19:27  Hydralisk x6  
  88  19:57  Lurker x2  
  88  19:58  Lurker  
  91  20:00  Zergling x14  
  91  20:01  Zergling x10  
  91  20:02  Zergling x28  
  91  20:03  Overseer  
Show
View Real Time Build Order
Export as new Build Order

Noxx Protoss 

Build Orders: Cannon Rush 

Get SALT Encoding   

  12  0:00  Probe  
  13  0:16  Pylon  
  13  0:18  Probe  
  14  0:30  Probe  
  15  0:36  Gateway  
  16  0:42  Probe  
  16  0:51  Pylon  
  16  1:00  Forge  
  16  1:03  Probe  
  17  1:22  Assimilator  
  17  1:26  Assimilator  
  17  1:33  Probe  
  18  1:41  Photon Cannon  
  18  1:42  Photon Cannon  
  18  1:45  Photon Cannon  
  18  2:03  Probe  
  20  2:15  Probe  
  20  2:18  Photon Cannon  
  20  2:26  Photon Cannon  
  20  2:27  Probe  
  21  2:39  Probe, Cybernetics Core  
  22  2:52  Probe  
  23  3:11  Nexus  
  23  3:15  Assimilator  
  23  3:21  Assimilator  
  23  3:24  Probe  
  24  3:36  Probe  
  24  3:40  Pylon  
  25  3:45  Pylon  
  25  3:48  Probe  
  26  4:00  Probe  
  27  4:06  Warp Gate  
  27  4:08  Stalker  
  29  4:12  Probe  
  30  4:24  Pylon  
  30  4:25  Probe  
  30  4:26  Probe  
  30  4:28  Pylon  
  32  4:37  Probe  
  32  4:38  Probe  
  34  4:47  Stalker  
  34  4:49  Probe  
  34  4:50  Probe  
  38  4:58  Photon Cannon  
  38  5:01  Probe  
  38  5:02  Probe  
  38  5:05  Photon Cannon  
  40  5:09  Photon Cannon  
  40  5:14  Probe  
  41  5:24  Photon Cannon  
  41  5:26  Photon Cannon, Probe  
  42  5:30  Stalker, Photon Cannon  
  42  5:35  Protoss Shields Level 1  
  44  5:43  Shield Battery  
  44  5:45  Shield Battery  
  44  5:46  Shield Battery  
  44  5:51  Shield Battery  
  44  6:30  Stalker  
  46  6:38  Probe  
  47  6:49  Protoss Air Weapons Level 1  
  47  6:50  Probe  
  48  7:03  Probe  
  49  7:16  Pylon  
  49  7:19  Pylon  
  49  7:24  Pylon  
  49  7:27  Pylon  
  49  7:36  Pylon  
  49  7:38  Pylon  
  49  7:43  Pylon, Protoss Ground Weapons Level 1  
  49  7:54  Pylon  
  49  8:01  Pylon  
  49  8:06  Gateway  
  49  8:07  Gateway x2  
  49  8:09  Gateway  
  49  8:10  Gateway  
  49  8:20  Gateway  
  49  8:21  Gateway  
  49  8:25  Gateway  
  49  8:36  Twilight Council  
  49  8:40  Stargate x2  
  49  8:42  Stargate  
  49  8:57  Protoss Air Armor Level 1  
  49  8:59  Photon Cannon  
  49  9:07  Photon Cannon  
  49  9:09  Photon Cannon  
  49  9:13  Photon Cannon  
  49  9:18  Photon Cannon  
  49  9:21  Photon Cannon  
  49  9:23  Photon Cannon  
  49  9:25  Nexus  
  49  9:26  Photon Cannon  
  49  9:28  Assimilator  
  49  9:31  Assimilator  
  49  9:32  Stalker  
  49  9:33  Stalker, Pylon  
  49  9:35  Photon Cannon  
  49  9:36  Pylon  
  49  9:37  Photon Cannon  
  53  9:40  Pylon  
  53  9:45  Fleet Beacon  
  53  9:52  Protoss Ground Armor Level 1  
  53  9:54  Dark Shrine  
  53  9:57  Blink  
  41  10:58  Stalker  
  41  10:59  Stalker x5  
  41  11:00  Stalker x2  
  57  11:07  Tempest  
  57  11:08  Tempest  
  67  11:15  Probe  
  68  11:27  Probe  
  69  11:39  Probe  
  66  11:48  Tempest  
  66  11:51  Probe  
  66  11:52  Dark Templar  
  66  11:53  Dark Templar x2  
  66  11:54  Dark Templar x3  
  80  12:00  Protoss Shields Level 2  
  84  12:03  Probe  
  85  12:15  Probe  
  70  12:38  Protoss Air Weapons Level 2  
  58  13:54  Dark Templar x3  
  58  13:55  Dark Templar x3  
  68  13:56  Dark Templar  
  68  13:57  Dark Templar  
  74  14:32  Stalker x2  
  74  14:33  Stalker x4  
  74  14:34  Stalker x2, Protoss Ground Weapons Level 2  
  90  14:43  Nexus  
  90  14:47  Pylon  
  90  14:49  Photon Cannon  
  90  14:50  Photon Cannon  
  90  15:11  Protoss Air Armor Level 2  
  77  16:23  Stalker x5  
  77  16:24  Stalker x2  
  77  16:25  Stalker  
  48  16:56  Tempest  
  53  17:07  Protoss Ground Armor Level 2  
  49  17:36  Tempest  
  53  17:49  Protoss Air Weapons Level 3  
  37  19:22  Nexus  
  37  19:25  Assimilator  
  37  19:29  Assimilator  
  37  19:33  Pylon  
  37  19:36  Pylon  
  37  19:55  Photon Cannon  
  37  19:56  Photon Cannon  
  37  20:52  Photon Cannon  
  37  20:54  Photon Cannon  
  37  20:57  Photon Cannon  
  37  20:59  Probe  
Show
View Real Time Build Order
Export as new Build Order

saverykill Terran 

Build Orders:  

Get SALT Encoding   

  12  0:01  SCV  
  13  0:16  Supply Depot  
  13  0:18  SCV  
  14  0:30  SCV  
  15  0:42  SCV  
  16  0:43  Barracks  
  16  0:47  Refinery  
  16  0:54  SCV  
  17  1:06  SCV  
  17  1:11  Supply Depot  
  18  1:18  SCV  
  19  1:30  SCV  
  20  1:33  Marine  
  21  1:41  Supply Depot  
  21  1:42  SCV  
  22  1:49  Refinery  
  22  1:51  Marine  
  23  1:55  SCV  
  23  1:58  Factory  
  24  2:07  SCV  
  25  2:09  Marine  
  26  2:19  SCV  
  27  2:31  SCV  
  28  2:43  Orbital Command  
  28  2:44  Command Center  
  28  2:58  Starport  
  28  3:00  Factory Tech Lab  
  28  3:05  Engineering Bay  
  28  3:14  Barracks Tech Lab  
  28  3:30  Armory  
  28  3:36  Supply Depot  
  28  3:39  Stimpack  
  28  3:57  SCV  
  28  3:58  Supply Depot  
  29  4:04  SCV  
  29  4:09  SCV  
  31  4:13  Refinery  
  31  4:14  Refinery  
  31  4:16  SCV  
  32  4:20  Starport Reactor  
  32  4:21  SCV  
  32  4:23  Marine  
  34  4:28  SCV  
  35  4:33  SCV  
  35  4:38  Terran Infantry Weapons Level 1  
  36  4:40  SCV  
  36  4:41  Marine  
  36  4:42  Engineering Bay  
  38  4:46  SCV  
  39  4:54  Supply Depot  
  39  4:55  SCV  
  39  4:59  Marine  
  42  5:01  Orbital Command  
  41  5:07  SCV  
  41  5:09  Barracks  
  42  5:17  Marine, Siege Tank, Starport  
  42  5:19  Concussive Shells  
  46  5:23  Medivac x2  
  50  5:46  SCV x2  
  52  5:58  SCV  
  52  5:59  SCV  
  52  6:02  Combat Shield  
  52  6:03  Starport Reactor  
  54  6:10  Medivac x2  
  55  6:19  Marine x2  
  57  6:33  Command Center  
  57  6:37  Marine x2  
  59  6:40  Medivac x2  
  63  6:48  Terran Infantry Weapons Level 2  
  63  6:49  Terran Infantry Armor Level 1  
  63  6:55  Marine x2  
  63  7:01  Supply Depot  
  65  7:06  Hellion  
  67  7:09  Medivac  
  67  7:10  Medivac  
  67  7:12  Marine  
  67  7:13  Marine  
  73  7:21  Viking  
  75  7:23  Viking, Supply Depot  
  75  7:27  Hellion  
  79  7:30  Marine x2  
  81  7:39  Viking  
  81  7:40  Viking  
  85  7:45  Supply Depot  
  85  7:48  Marine x2  
  85  7:49  Hellion  
  89  7:56  Missile Turret  
  89  8:06  Marine x2  
  89  8:09  Supply Depot  
  89  8:10  Hellion  
  93  8:16  Viking  
  93  8:17  Viking  
  97  8:24  Marine x2  
  97  8:25  Missile Turret  
  99  8:31  Hellion  
  99  8:33  SCV  
  102  8:39  SCV x2  
  104  8:41  Marine  
  104  8:42  Marine  
  104  8:45  SCV  
  107  8:50  Missile Turret  
  107  8:51  SCV x2  
  109  8:57  SCV  
  109  8:59  Marine x2  
  109  9:00  Supply Depot  
  112  9:03  SCV  
  112  9:05  Refinery  
  112  9:08  Refinery  
  112  9:09  SCV  
  114  9:12  Missile Turret  
  114  9:17  Marine x2  
  114  9:18  Hellion  
  114  9:19  Medivac x3  
  114  9:22  Medivac, Supply Depot  
  126  9:26  Orbital Command  
  126  9:32  SCV x2  
  126  9:34  Missile Turret  
  126  9:35  Marine x2  
  130  9:39  Hellion  
  130  9:44  SCV x2  
  134  9:48  Supply Depot  
  134  9:49  Medivac x3  
  140  9:53  Marine  
  141  10:10  Medivac, Hellion, Marine, SCV x2, Supply Depot  
  141  10:11  Marine  
  149  10:20  Terran Infantry Weapons Level 3, Terran Infantry Armor Level 2  
  149  10:22  Command Center  
  149  10:32  Hellion, Marine, SCV  
  149  10:34  Supply Depot  
  137  10:44  Orbital Command  
  133  10:54  Hellion  
  133  10:57  Supply Depot  
  133  11:19  Supply Depot  
  98  11:42  Supply Depot  
  97  12:05  Command Center  
  97  12:08  Command Center  
  97  12:27  SCV  
  98  12:36  Hi-Sec Auto Tracking  
  96  12:39  SCV  
  96  12:40  Supply Depot  
  96  12:45  Medivac x4  
  96  12:47  Marine  
  96  12:48  Marine  
  96  12:50  Hellion  
  104  12:51  SCV  
  104  12:57  Neosteel Armor  
  103  13:00  Barracks  
  103  13:03  Supply Depot, SCV  
  103  13:05  Marine x2  
  105  13:11  Hellion  
  108  13:15  Medivac x4  
  108  13:16  SCV  
  117  13:23  Marine x2  
  117  13:25  Supply Depot  
  119  13:28  Terran Vehicle And Ship Armor Level 1, SCV  
  119  13:32  Hellion  
  119  13:33  Terran Infantry Armor Level 3  
  122  13:40  SCV  
  122  13:41  Marine x2  
  124  13:45  Medivac x2  
  124  13:47  Supply Depot  
  129  13:48  Medivac  
  129  13:52  SCV  
  129  13:54  Hellion  
  134  13:57  SCV  
  134  13:58  Marine  
  134  13:59  Marine  
  137  14:02  Orbital Command  
  137  14:04  SCV  
  137  14:09  SCV  
  139  14:10  Supply Depot  
  139  14:15  Thor  
  139  14:16  Marine  
  146  14:17  Marine  
  146  14:22  SCV  
  148  14:34  Marine, SCV  
  148  14:35  Marine  
  151  14:46  SCV  
  151  14:52  Marine x2  
  154  15:21  Marine x2  
  154  15:23  Terran Vehicle Weapons Level 1  
  136  15:39  Marine x2  
  138  15:44  Thor  
  138  15:47  Medivac  
  146  15:57  Marine x2  
  146  16:15  Marine x2  
  145  16:27  Thor  
  151  16:33  Marine x2  
  153  16:50  Marine  
  153  16:51  Marine  
  151  17:08  Marine x2  
  152  17:17  Terran Ship Weapons Level 1  
  152  17:26  Marine x2  
  150  17:44  Marine x2  
  144  18:40  Refinery  
  144  18:59  Orbital Command  
  144  19:31  Orbital Command  
  102  20:00  Marine x2  
  104  20:13  Marine  
  101  20:18  Barracks Reactor, Marine  
  68  20:30  Marine  
  62  20:35  Marine  
  62  20:40  SCV  
  52  20:44  Refinery  
  52  20:46  Refinery  
  52  20:48  Marine  
  53  20:51  Barracks  
  53  20:53  Marine, SCV  
  55  21:05  SCV  
Show
View Real Time Build Order
Export as new Build Order

MrFercho Zerg - Winner!

Build Orders: Hatch First, Lurkers, Roach Hydra 

Get SALT Encoding   

  12  0:01  Drone  
  13  0:17  Overlord  
  13  0:18  Drone  
  14  0:42  Hatchery  
  13  0:46  Drone  
  13  0:48  Drone  
  15  0:53  Drone  
  16  1:04  Extractor  
  16  1:10  Spawning Pool  
  14  1:15  Drone  
  14  1:17  Drone  
  16  1:20  Drone  
  17  1:37  Drone  
  18  1:42  Drone  
  19  1:57  Queen x2  
  19  2:00  Overlord  
  23  2:02  Drone  
  23  2:07  Zergling x2  
  25  2:09  Zergling x2  
  26  2:16  Drone x2  
  28  2:25  Metabolic Boost  
  28  2:27  Drone x2  
  30  2:38  Queen  
  30  2:39  Drone  
  30  2:43  Overlord  
  33  2:52  Lair  
  33  2:58  Drone x3  
  36  3:08  Overlord  
  36  3:09  Drone x2  
  38  3:25  Drone x3  
  41  3:28  Drone  
  41  3:29  Drone x2  
  44  3:34  Overlord  
  44  3:41  Extractor  
  43  3:49  Drone x3  
  43  3:50  Overlord  
  43  3:51  Drone x3  
  43  3:53  Drone  
  50  3:57  Extractor  
  50  4:01  Pneumatized Carapace  
  49  4:25  Roach Warren  
  49  4:28  Evolution Chamber  
  49  4:29  Evolution Chamber  
  46  4:31  Zergling x4  
  46  4:32  Zergling x8  
  52  4:48  Drone x4  
  56  5:02  Zergling x4, Hydralisk Den  
  57  5:09  Hatchery  
  56  5:23  Roach x6  
  68  5:41  Overlord x4  
  68  5:42  Overlord  
  67  5:58  Overlord x3  
  67  5:59  Zerg Missile Weapons Level 1  
  67  6:00  Zerg Ground Armor Level 1  
  67  6:01  Glial Reconstitution  
  67  6:05  Muscular Augments  
  67  6:08  Extractor  
  57  6:34  Drone  
  57  6:35  Drone x16  
  74  6:44  Spore Crawler  
  74  6:45  Spore Crawler  
  72  6:56  Queen  
  72  6:59  Extractor  
  73  7:01  Extractor  
  73  7:06  Drone  
  73  7:07  Hatchery, Drone x2  
  73  7:08  Drone x4  
  77  7:09  Hatchery  
  77  7:13  Hydralisk x5  
  87  7:16  Grooved Spines  
  87  7:22  Infestation Pit  
  86  7:26  Roach x5  
  97  7:30  Drone x2  
  98  7:50  Nydus Network  
  97  7:57  Zerg Missile Weapons Level 2  
  97  7:58  Zerg Ground Armor Level 2  
  97  8:01  Lurker Den  
  96  8:06  Baneling Nest, Drone x2  
  97  8:19  Drone  
  98  8:20  Drone x3  
  98  8:21  Drone x2  
  103  8:37  Overlord x3  
  103  8:38  Hatchery  
  102  8:51  Hydralisk  
  102  8:52  Hydralisk x13  
  102  8:54  Zergling x8  
  134  9:13  Overlord x2  
  134  9:17  Hive  
  134  9:21  Lurker  
  134  9:22  Lurker x2  
  137  9:25  Zergling x18  
  146  9:36  Spire  
  145  9:51  Nydus Canal  
  145  9:56  Hydralisk x6  
  145  9:58  Zergling x2  
  145  9:59  Zergling x8  
  139  10:39  Nydus Canal  
  131  10:51  Seismic Spines  
  131  10:54  Adrenal Glands  
  131  11:18  Hydralisk  
  131  11:19  Hydralisk x14  
  131  11:24  Hydralisk x2  
  106  11:48  Adaptive Talons  
  106  11:52  Burrow  
  105  12:16  Hatchery  
  105  12:20  Greater Spire  
  104  12:24  Zerg Missile Weapons Level 3  
  104  12:25  Zerg Ground Armor Level 3  
  104  12:27  Hydralisk x5  
  104  12:29  Zergling x2  
  116  12:30  Zergling x36  
  133  12:44  Extractor  
  133  12:47  Extractor  
  131  12:51  Nydus Canal  
  131  12:53  Overseer  
  131  13:15  Lurker x5  
  131  13:18  Baneling x8  
  131  13:19  Baneling  
  136  13:22  Drone x3  
  136  13:23  Drone x3  
  136  13:24  Drone x9  
  136  13:25  Drone x2  
  153  13:30  Drone  
  153  13:31  Drone x4  
  158  14:04  Centrifical Hooks, Zerg Flyer Weapons Level 1  
  158  14:11  Roach x2  
  158  14:12  Roach x16  
  158  14:13  Extractor  
  158  14:17  Extractor, Overseer  
  192  14:18  Overseer  
  192  14:47  Corruptor  
  192  14:51  Overlord x4  
  192  14:52  Overlord  
  194  15:07  Overlord x3  
  194  15:17  Nydus Canal  
  194  15:50  Overseer  
  137  16:32  Nydus Canal  
  137  17:04  Nydus Canal  
  137  17:07  Zergling x2  
  137  17:08  Zergling x34  
  155  17:13  Zerg Melee Weapons Level 1  
  153  17:29  Hydralisk  
  153  17:30  Hydralisk x11  
  177  17:46  Hydralisk x5  
  177  17:47  Hydralisk  
  188  17:55  Hydralisk x5  
  198  18:38  Overseer x3  
  198  18:39  Overlord x4  
  124  19:31  Zergling x6  
  124  19:32  Zergling x48  
  135  19:50  Hydralisk x8  
  149  20:27  Hydralisk x6  
  149  20:28  Hydralisk x13  
  183  20:36  Hatchery  
  182  20:57  Roach  
  182  20:58  Roach x7  
Show
View Real Time Build Order
Export as new Build Order

tigro Terran - Winner!

Build Orders:  

Get SALT Encoding   

  12  0:14  SCV  
  13  0:16  Supply Depot  
  13  0:26  SCV  
  14  0:38  SCV  
  14  0:39  Supply Depot  
  15  0:49  Barracks  
  15  0:58  SCV  
  16  1:05  Refinery  
  16  1:10  SCV  
  17  1:19  Refinery  
  17  1:22  SCV  
  18  1:35  SCV  
  19  1:41  Marine  
  19  1:47  SCV  
  21  1:59  Marine, SCV  
  23  2:11  SCV  
  23  2:14  Factory  
  24  2:17  Marine  
  25  2:23  SCV  
  25  2:24  Engineering Bay  
  26  2:35  Marine  
  27  2:37  Orbital Command  
  27  2:52  Marine  
  27  2:58  Factory Tech Lab  
  28  3:09  Starport  
  28  3:12  Barracks Tech Lab  
  28  3:18  Siege Tank  
  31  3:33  Marine  
  32  3:39  Combat Shield  
  32  3:50  Siege Tank  
  32  3:51  Marine  
  36  3:55  Missile Turret  
  36  4:08  Marine  
  37  4:15  Missile Turret  
  37  4:22  Medivac  
  39  4:38  Terran Infantry Weapons Level 1  
  39  4:49  Missile Turret  
  39  5:05  Stimpack  
  39  5:09  Command Center  
  39  5:44  Starport Tech Lab  
  39  6:10  Marine  
  39  6:14  Cyclone  
  33  6:28  Marine  
  34  6:32  Terran Infantry Armor Level 1  
  34  6:39  Refinery  
  34  6:46  Marine, Cyclone  
  38  6:49  Medivac  
  40  7:03  Marine  
  41  7:12  Armory  
  41  7:19  Cyclone  
  41  7:21  Marine  
  46  7:26  Refinery  
  46  7:28  SCV  
  46  7:31  Planetary Fortress  
  46  7:39  Marine  
  46  7:40  SCV  
  48  7:51  Cyclone  
  51  7:52  SCV  
  51  7:57  Marine  
  53  8:04  SCV  
  54  8:05  Fusion Core  
  54  8:14  Barracks  
  54  8:33  Supply Depot  
  54  8:35  Terran Infantry Weapons Level 2  
  54  8:55  Marine, Cyclone, SCV  
  59  8:57  Supply Depot  
  59  9:07  SCV  
  60  9:11  Barracks Reactor  
  60  9:13  Marine  
  61  9:19  SCV  
  61  9:20  Supply Depot  
  62  9:30  Marine  
  63  9:31  SCV  
  64  9:43  SCV  
  65  9:48  Marine  
  66  9:55  SCV  
  67  10:03  Missile Turret  
  67  10:08  SCV  
  68  10:20  SCV  
  69  10:25  Missile Turret  
  44  10:50  Terran Infantry Armor Level 2  
  44  10:51  Missile Turret  
  44  10:54  Siege Tank  
  47  10:59  Marine x3  
  47  11:03  Terran Vehicle Weapons Level 1  
  50  11:05  Weapon Refit  
  50  11:17  Marine x3  
  53  11:26  Medivac, Siege Tank  
  58  11:35  Marine x3  
  61  11:52  Marine  
  61  11:53  Marine x2  
  64  11:56  Battlecruiser  
  64  11:58  Siege Tank  
  73  12:05  Missile Turret  
  73  12:10  Marine  
  73  12:11  Marine x2  
  76  12:24  Missile Turret  
  76  12:28  Marine x3  
  79  12:30  Thor  
  79  12:33  Command Center  
  85  12:45  Rapid Reignition System  
  85  12:46  Marine  
  85  12:48  Missile Turret  
  86  12:57  Terran Vehicle And Ship Armor Level 1  
  86  13:06  Neosteel Armor  
  86  13:24  Refinery  
  86  13:45  Thor, Marine x2  
  94  14:03  Marine  
  89  14:28  Thor  
  95  14:37  Marine x3  
  95  14:38  Refinery  
  98  14:46  Hi-Sec Auto Tracking, SCV  
  98  14:51  Terran Ship Weapons Level 1  
  99  14:54  Marine  
  99  14:55  Marine  
  99  14:57  Marine  
  99  14:58  Battlecruiser, SCV  
  109  15:16  Marine x3, SCV  
  113  15:22  Supply Depot  
  113  15:28  SCV  
  113  15:34  Marine x3  
  117  15:43  Thor, SCV  
  117  15:45  Supply Depot  
  124  15:52  Marine  
  125  16:09  Supply Depot  
  125  16:21  Terran Infantry Weapons Level 3  
  125  16:45  Terran Vehicle And Ship Armor Level 2  
  57  17:39  Marine x3  
  57  17:42  Thor  
  66  17:47  Medivac  
  68  17:57  Marine x3  
  71  17:59  Planetary Fortress  
  71  18:14  Marine  
  71  18:15  Marine x2  
  71  18:17  Battlecruiser  
  80  18:24  Thor  
  86  18:32  Marine  
  86  18:33  Marine x2  
  89  18:50  Marine x3  
  92  19:01  Terran Vehicle Weapons Level 2  
  92  19:07  Thor  
  92  19:08  Marine x3  
  101  19:21  Battlecruiser  
  107  19:26  Marine x3  
  110  19:44  Marine  
  106  19:50  Thor  
  109  20:55  Marine  
  109  20:56  Marine x2  
Show
View Real Time Build Order
Export as new Build Order

TATORREA Protoss - Winner!

Build Orders: Carriers 

Get SALT Encoding   

  12  0:02  Probe  
  13  0:14  Probe  
  14  0:23  Pylon  
  14  0:26  Probe  
  15  0:41  Probe  
  16  0:48  Gateway  
  16  0:53  Probe  
  17  1:05  Probe  
  18  1:14  Gateway  
  18  1:17  Probe  
  19  1:23  Assimilator  
  19  1:25  Pylon  
  19  1:29  Probe  
  19  1:32  Pylon  
  20  1:34  Assimilator  
  20  1:41  Probe  
  21  1:53  Probe, Cybernetics Core  
  21  2:05  Probe  
  22  2:10  Gateway  
  22  2:17  Probe  
  23  2:30  Warp Gate  
  23  2:31  Stalker  
  23  2:32  Stalker  
  27  2:53  Twilight Council  
  27  3:05  Nexus  
  27  3:09  Pylon  
  27  3:13  Adept  
  29  3:21  Adept  
  29  3:25  Adept  
  29  3:26  Resonating Glaives (Chrono Boost)  
  33  3:43  Adept  
  35  3:51  Adept  
  37  3:57  Adept  
  37  4:02  Probe  
  40  4:10  Pylon  
  40  4:14  Probe  
  41  4:17  Probe  
  42  4:26  Probe  
  42  4:28  Stargate  
  42  4:30  Probe  
  44  4:37  Adept  
  44  4:38  Probe  
  47  4:39  Adept  
  47  4:43  Adept  
  51  4:46  Probe  
  51  4:50  Probe  
  53  4:58  Probe  
  54  5:02  Probe  
  55  5:10  Probe  
  55  5:11  Pylon  
  56  5:14  Probe  
  57  5:22  Probe  
  57  5:26  Probe  
  59  5:34  Probe  
  60  5:38  Probe  
  60  5:41  Assimilator, Phoenix  
  63  5:43  Assimilator  
  63  5:47  Probe  
  62  5:50  Probe  
  63  5:59  Probe  
  64  6:06  Phoenix  
  54  6:27  Probe  
  54  6:28  Probe  
  52  6:37  Stalker x2  
  52  6:38  Stalker  
  59  6:40  Probe x2  
  60  6:52  Probe  
  61  7:02  Nexus  
  61  7:04  Pylon x2  
  61  7:09  Stargate  
  61  7:11  Void Ray, Fleet Beacon  
  61  7:14  Probe x2, Stargate  
  63  7:17  Stargate  
  67  7:26  Probe x2  
  69  7:33  Stalker x2  
  69  7:35  Stalker  
  75  7:38  Probe  
  75  7:39  Probe  
  77  7:44  Protoss Air Weapons Level 1 (Chrono Boost)  
  77  7:47  Gateway  
  77  7:48  Gateway  
  77  7:50  Void Ray, Probe  
  77  7:51  Probe  
  79  7:52  Forge  
  79  7:53  Forge  
  79  7:58  Void Ray  
  83  8:03  Probe  
  88  8:13  Probe  
  88  8:14  Probe  
  88  8:15  Probe  
  91  8:20  Void Ray  
  91  8:25  Void Ray, Probe  
  91  8:27  Assimilator, Probe x2  
  97  8:28  Assimilator  
  102  8:47  Probe  
  102  8:48  Probe x2  
  105  8:57  Pylon, Nexus  
  105  8:59  Probe  
  105  9:00  Probe x2  
  105  9:01  Pylon  
  108  9:05  Pylon  
  108  9:12  Probe  
  108  9:16  Assimilator, Probe x2  
  111  9:18  Unknown  
  111  9:21  Assimilator, Protoss Ground Weapons Level 1 (Chrono Boost), Protoss Shields Level 1 (Chrono Boost)  
  111  9:24  Blink (Chrono Boost)  
  111  9:32  Probe x3  
  114  9:39  Void Ray x2 (Chrono Boost)  
  114  9:40  Void Ray (Chrono Boost)  
  114  9:41  Void Ray (Chrono Boost)  
  114  9:44  Probe x2  
  114  9:45  Probe  
  133  10:01  Protoss Air Weapons Level 2 (Chrono Boost)  
  133  10:05  Pylon  
  133  10:07  Pylon  
  133  10:09  Probe  
  133  10:12  Pylon  
  134  10:16  Pylon  
  134  10:17  Void Ray x2  
  134  10:19  Void Ray  
  134  10:20  Void Ray, Pylon, Probe x2  
  136  10:25  Pylon  
  152  10:38  Pylon  
  152  10:41  Stalker x3  
  152  10:42  Stalker x2  
  162  10:45  Pylon  
  162  10:49  Pylon  
  162  10:54  Void Ray  
  162  10:55  Void Ray  
  162  10:56  Void Ray  
  162  10:59  Void Ray  
  174  11:08  Stalker  
  174  11:09  Stalker  
  174  11:11  Stalker  
  184  11:13  Stalker  
  184  11:15  Stalker  
  188  11:24  Protoss Shields Level 2 (Chrono Boost), Protoss Ground Weapons Level 2 (Chrono Boost)  
  188  11:39  Nexus  
  188  11:42  Pylon  
  188  11:44  Pylon  
  188  11:47  Stalker  
  188  11:48  Stalker x4  
  198  12:18  Protoss Air Weapons Level 3 (Chrono Boost), Charge  
  80  13:04  Stalker x3  
  80  13:05  Stalker x2  
  90  13:06  Carrier x4 (Chrono Boost)  
  114  13:22  Gateway  
  114  13:24  Gateway  
  114  13:27  Gateway  
  114  13:30  Gateway  
  114  13:33  Gateway  
  114  13:35  Gateway  
  114  13:37  Gateway  
  114  13:40  Gateway  
  114  13:42  Gateway  
  114  13:45  Gateway  
  114  13:57  Protoss Ground Weapons Level 3 (Chrono Boost)  
  114  14:01  Protoss Shields Level 3 (Chrono Boost)  
  114  14:03  Carrier x3 (Chrono Boost)  
  114  14:04  Carrier (Chrono Boost)  
  114  14:07  Assimilator  
  138  14:12  Assimilator  
  138  14:33  Zealot x3  
  138  14:34  Zealot x5  
  138  14:35  Zealot x3  
  138  14:36  Zealot  
  162  15:04  Carrier x3 (Chrono Boost)  
  162  15:05  Carrier (Chrono Boost)  
  186  15:19  Protoss Air Armor Level 1 (Chrono Boost)  
  186  15:29  Zealot  
  186  15:30  Zealot x4  
  186  15:31  Zealot x2  
  122  17:01  Carrier  
  122  17:02  Carrier x3  
  128  17:40  Nexus  
  128  17:41  Gateway, Pylon  
  128  17:45  Gateway x2  
  128  17:46  Protoss Ground Armor Level 1  
  128  17:47  Gateway, Pylon  
  128  17:48  Gateway  
  122  17:53  Gateway  
  122  17:55  Zealot x3  
  122  17:56  Zealot x5  
  122  17:57  Zealot x5  
  122  17:58  Zealot x2  
  127  18:00  Protoss Air Armor Level 2 (Chrono Boost)  
  127  18:03  Carrier x4  
  133  18:17  Zealot x6  
  133  18:18  Zealot x4  
  133  18:19  Zealot x3  
  135  18:20  Zealot x2  
  127  18:50  Probe  
  127  18:51  Probe x4  
  126  19:03  Probe x3, Zealot x4  
  126  19:04  Zealot x5  
  126  19:05  Zealot x2  
  126  19:06  Zealot x4  
  126  19:07  Zealot x4  
  126  19:08  Zealot x2  
  159  19:33  Templar Archives  
  159  19:36  Gateway  
  159  19:37  Gateway  
  159  19:40  Gateway, Probe x3  
  159  19:41  Probe  
  159  19:44  Gateway  
  163  19:48  Gateway  
  163  20:01  Zealot x2  
  163  20:02  Zealot x4  
  175  20:21  High Templar x5  
  179  20:22  High Templar x4  
  179  20:23  High Templar x3  
  199  20:35  Archon x3  
  199  20:36  Archon x2  
  199  20:39  Archon  
Tags
 
Add a new tag
Caveats
  • Supply blocks, unpowered buildings, or Contaminate may cause inaccurate times.
  • Supply counts are checked every 10 seconds.